 Dungeon Crawl Stone Soup version 0.28.0-49-g6dfe1f597d (webtiles) character file.

Game seed: 316729591664958429

2226 firemarshallily the Frost Mage (level 9, -15/57 HPs)
             Began as a Merfolk Ice Elementalist on May 15, 2022.
             Was a Believer of Uskayaw.
             Hit by a large rock thrown by a cyclops (28 damage)
             ... on level 7 of the Dungeon.
             The game lasted 00:37:06 (7076 turns).

firemarshallily the Frost Mage (MfIE)               Turns: 7076, Time: 00:37:06

Health: -15/57     AC: 14    Str: 14    XL:     9   Next: 36%
Magic:  14/20      EV: 12    Int: 23    God:    Uskayaw [**....]
Gold:   442        SH:  0    Dex: 14    Spells: 11/23 levels left

rFire   . . .      SeeInvis .   j - +2 short sword (drain)
rCold   + . .      Faith    .   (no shield)
rNeg    . . .      Spirit   .   F - +0 leather armour "Vazill" {rC+ Int+4}
rPois   .          Reflect  .   x - +2 hat
rElec   .          Harm     .   n - +0 cloak
rCorr   .          Rampage  .   (no gloves)
Will    .....                   G - +0 pair of boots
Stlth   ++........              (no amulet)
HPRegen 0.19/turn               c - +4 ring of slaying
MPRegen 0.17/turn               w - +6 ring of strength

@: brilliant, ice-armoured, freezing walls
A: (nimble swimmer 2), mertail
a: Renounce Religion, Stomp, Line Pass


You were on level 7 of the Dungeon.
You worshipped Uskayaw.
Uskayaw was noncommittal.
You visited 1 branch of the dungeon, and saw 7 of its levels.
You also visited: Sewer.

You collected 442 gold pieces.

Inventory:

Hand Weapons
 j - a +2 short sword of draining (weapon)
 l - a +0 spear of flaming
 B - a +2 dagger of electrocution
Missiles
 k - 208 stones
 m - 2 poisoned darts
 z - 5 boomerangs
 I - 3 javelins (quivered)
Armour
 n - a +0 cloak (worn)
 q - a +1 robe of resistance
 x - a +2 hat (worn)
 F - the +0 leather armour "Vazill" (worn) {rC+ Int+4}
   (You found it on level 6 of the Dungeon)

   Int:       It affects your intelligence (+4).
   rC:        It protects you from cold.
 G - a +0 pair of boots (worn)
Jewellery
 c - a +4 ring of slaying (left hand)
 g - a ring of poison resistance
 w - a +6 ring of strength (right hand)
 y - a ring of flight
 D - a +4 ring of evasion
Wands
 a - a wand of paralysis (5)
 A - a wand of iceblast (9)
 H - a wand of polymorph (9)
Scrolls
 f - a scroll of immolation
 i - a scroll of amnesia
 s - a scroll of holy word {unknown}
 t - a scroll of magic mapping {unknown}
 u - a scroll of enchant weapon
 C - a scroll of fear
 E - a scroll of brand weapon
 J - a scroll of summoning
 K - a scroll of teleportation {unknown}
Potions
 b - 2 potions of mutation
 d - 3 potions of might
 e - 3 potions of attraction
 h - 2 potions of haste
 o - a potion of brilliance
 p - 4 potions of curing
 r - a potion of lignification {unknown}
 v - 6 potions of flight


   Skills:
 - Level 3.0 Short Blades
 - Level 3.0 Dodging
 + Level 3.2 Stealth
 * Level 7.8 Spellcasting
 * Level 10.1 Ice Magic


You had 11 spell levels left.
You knew the following spells:

 Your Spells              Type           Power      Damage    Failure   Level
a - Freeze                Ice            100%       1d11      1%          1
b - Frozen Ramparts       Ice            100%       1d12      1%          3
c - Ozocubu's Armour      Ice            70%        N/A       1%          3
d - Hailstorm             Conj/Ice       48%        3d11      11%         4
e - Animate Skeleton      Necr           26%        N/A       9%          1

Your spell library contained the following spells:

 Spells                   Type           Power      Damage    Failure   Level
 Pain                     Necr           52%        1d6       9%          1
 Sting                    Tmut/Pois      52%        1d5       9%          1
 Poisonous Vapours        Pois/Air       26%        N/A       14%         2
 Gell's Gravitas          Tloc           13%        N/A       26%         3
 Teleport Other           Tloc           13%        N/A       26%         3
 Vampiric Draining        Necr           13%        2d6       26%         3
 Olgreb's Toxic Radiance  Pois           13%        N/A       65%         4
 Passage of Golubria      Tloc           13%        N/A       65%         4
 Alistair's Intoxication  Tmut/Pois      8%         N/A       94%         5
 Borgnjor's Vile Clutch   Necr/Erth      6%         N/A       94%         5
 Silence                  Hex/Air        6%         N/A       94%         5
 Dispersal                Tloc           6%         N/A       100%        6
 Eringya's Noxious Bog    Tmut/Pois      6%         N/A       100%        6
 Lehudib's Crystal Spear  Conj/Erth      6%         10d3      100%        8


Dungeon Overview and Level Annotations

Branches:
Dungeon (7/15)             Temple (0/1) D:4           Sewer (visited)

Altars:
Dithmenos
Fedhas
Nemelex Xobeh
Okawaru
Qazlal
Uskayaw


Innate Abilities, Weirdness & Mutations

((You are very nimble when in or above water. (Stealth+, EV+, Speed+++)))
Your lower body shifts to a powerful aquatic tail in water.


Message History

You puncture the howler monkey zombie!
You destroy the howler monkey zombie!
Your icy armour cracks and falls away as you move.
A cyclops comes into view.
The cyclops shouts!
You see here a scroll labelled UTHIOLO JEUR.
K - a scroll labelled UTHIOLO JEUR The cyclops throws a large rock.
The large rock hits you!
Casting: Ozocubu's Armour (safe; 1% risk of failure)
Confirm with . or Enter, or press ? or * to list all spells.
A film of ice covers your body!
Casting: Ozocubu's Armour (safe; 1% risk of failure)
Confirm with . or Enter, or press ? or * to list all spells.
Casting: Frozen Ramparts (safe; 1% risk of failure)
Press: ? - help, Dir - look around, f - activate The walls around you are covered in ice.
Throw: 5 javelins
Press: ? - help, Q - select action, (/) - cycle Shift-Dir - straight line, f - cyclops
Aim: a cyclops, quivering large rocks (87% to hit)
You throw a javelin.
The javelin pierces through the cyclops.
The cyclops is lightly wounded.
The wall freezes the cyclops.
The cyclops throws a large rock.
The large rock closely misses you.
Throw: 4 javelins
Press: ? - help, Q - select action, (/) - cycle Shift-Dir - straight line, f/p - cyclops
Aim: a cyclops, quivering large rocks (lightly wounded, 87% to hit)
You throw a javelin.
The javelin pierces through the cyclops!
The cyclops is lightly wounded.
The wall freezes the cyclops!
The cyclops throws a large rock.
The large rock hits you!!!
Ouch! That really hurt!
* * * LOW HITPOINT WARNING * * *
You can now pass through a line of other dancers.
It was a potion of brilliance.
You feel clever all of a sudden.
The wall freezes the cyclops!
The cyclops throws a large rock.
The large rock hits you!!
You die...

##### #...# #...#
####...####
#######.........#
#@..............#
#.#####.........#
#.# ####...#### #C#
###...### #.#
#.......# .(#
#.......#
###########.......#
..................#
.^########........#.


You could see a cyclops.

Vanquished Creatures
  A water moccasin (D:5)
  An orc warrior (D:7)
  A black bear (D:5)
  2 necrophages
  4 ogres (D:6)
  2 ice beasts
  Blork the orc (D:4)
  A scorpion (D:5)
  A gnoll sergeant (D:7)
  A water moccasin skeleton (D:5)
  A howler monkey (D:7)
  2 jellies
  A bullfrog zombie (D:5)
  2 orc priests
  3 hounds
  3 bullfrog skeletons
  Crazy Yiuf (D:6)
  3 centaur skeletons
  An iguana (D:5)
  An orc wizard (D:7)
  A killer bee zombie (D:7)
  2 hound skeletons (D:5)
  A howler monkey zombie (D:7)
  5 gnolls (D:7)
  12 adders
  A howler monkey skeleton (D:6)
  9 river rats (Sewer)
  A white imp (D:6)
  2 worms
  A dart slug (D:2)
  20 orcs
  10 bats
  8 endoplasms
  6 giant cockroaches
  14 goblins
  10 hobgoblins
  4 jackals (Sewer)
  9 quokkas
  12 ball pythons
  4 frilled lizards
  10 kobolds
  2 rats (D:1)
177 creatures vanquished.

Vanquished Creatures (others)
  A fungus (D:2)
  2 plants (D:2)
3 creatures vanquished.

Grand Total: 180 creatures vanquished

Notes
Turn   | Place    | Note
-------+----------+-------------------------------------------
     0 | D:1      | firemarshallily the Merfolk Ice Elementalist began the
                  | quest for the Orb.
     0 | D:1      | Reached XP level 1. HP: 13/13 MP: 3/3
   175 | D:1      | You fall into a shaft and drop 1 floor!
   180 | D:2      | Reached XP level 2. HP: 19/19 MP: 3/5
   251 | D:2      | Found a faded altar of an unknown god.
   263 | D:2      | Prayed at the altar of an unknown god.
   263 | D:2      | Became a worshipper of Uskayaw the Reveller
   263 | D:2      | Reached * piety under Uskayaw
   284 | D:2      | Reached ** piety under Uskayaw
   573 | D:2      | Reached XP level 3. HP: 24/24 MP: 2/6
   773 | D:2      | Reached skill level 5 in Ice Magic
   789 | D:2      | Learned a level 3 spell: Frozen Ramparts
   793 | D:2      | Learned a level 3 spell: Ozocubu's Armour
  1395 | D:1      | Reached XP level 4. HP: 28/30 MP: 5/8
  1676 | D:3      | Found a glowing drain.
  1698 | Sewer    | Entered a sewer
  1708 | Sewer    | Reached *** piety under Uskayaw
  1710 | Sewer    | Reached skill level 1 in Short Blades
  1899 | Sewer    | Reached XP level 5. HP: 30/35 MP: 2/10
  2405 | Sewer    | Reached skill level 6 in Ice Magic
  2573 | Sewer    | Reached XP level 6. HP: 41/41 MP: 2/12
  2724 | D:3      | Learned a level 4 spell: Hailstorm
  2935 | D:3      | Found a hide-covered altar of Uskayaw.
  3187 | D:3      | Found a stormy altar of Qazlal.
  3187 | D:3      | Found a blossoming altar of Fedhas.
  3188 | D:3      | Found a sparkling altar of Nemelex Xobeh.
  3565 | D:4      | Noticed a necrophage
  3575 | D:4      | Reached **** piety under Uskayaw
  3576 | D:4      | Killed a necrophage
  3642 | D:4      | Noticed Blork the orc
  3654 | D:4      | Killed Blork the orc
  3655 | D:4      | Reached XP level 7. HP: 41/46 MP: 0/13
  4061 | D:4      | Found a staircase to the Ecumenical Temple.
  4177 | D:4      | Found a shadowy altar of Dithmenos.
  4480 | D:5      | Entered Level 5 of the Dungeon
  4615 | D:5      | Reached skill level 7 in Ice Magic
  4665 | D:5      | Reached skill level 5 in Spellcasting
  5137 | D:5      | Reached XP level 8. HP: 50/52 MP: 10/16
  5207 | D:5      | Reached skill level 8 in Ice Magic
  5819 | D:6      | Learned a level 1 spell: Animate Skeleton
  6081 | D:6      | Identified the +0 leather armour "Vazill" {rC+ Int+4}
  6151 | D:6      | Reached skill level 9 in Ice Magic
  6259 | D:6      | Found an iron altar of Okawaru.
  6357 | D:6      | Reached XP level 9. HP: 49/57 MP: 3/19
  6508 | D:6      | Found a runed translucent door.
  6509 | D:6      | Noticed Crazy Yiuf
  6521 | D:6      | Killed Crazy Yiuf
  6636 | D:7      | Reached ***** piety under Uskayaw
  6936 | D:7      | Reached skill level 10 in Ice Magic
  7069 | D:7      | Noticed a cyclops
  7076 | D:7      | Hit by a large rock thrown by a cyclops

Illustrated notes

Levels and vault maps discovered:
D:1:      nzn_arrival_water_spiral, layout_rooms, solitary_fountain,
          bh_walls_and_bars
D:2:      layout_basic, shapermc_ecumenical_altar_acropolis
D:3:      layout_loops_ring, gammafunk_temple_overflow_claw,
          mainiacjoe_overflow_alcove_2, cheibrodos_sewer_entry_drain,
          hangedman_abyss_or_decor_lesser_grid, minmay_goblin_kobold_house
D:4:      layout_basic, mainiacjoe_overflow_alcove_4, minmay_temple_entry_tees,
          uniq_blork_the_orc
D:5:      layout_basic
D:6:      layout_rooms, overflow_temple_1_default, minmay_ogre_servants,
          uniq_crazy_yiuf_cottage
D:7:      layout_loops_ring, serial_shops, shop, guppyfry_shop_venom

Skill      XL: |  1  2  3  4  5  6  7  8  9 |
---------------+----------------------------+-----
Dodging        | 3 |  3.0
Ice Magic      | 5 6 7 9 10 | 10.1
Spellcasting   | 3 4 5 7 |  7.8
Short Blades   | 1 2 3 |  3.0
Stealth        | 3 |  3.2

Action                   |  1- 3 |  4- 6 |  7- 9 || total
-------------------------+-------+-------+-------++-------
Melee: Dagger            |     8 |       |       ||     8
       Short sword       |     3 |    34 |   129 ||   166
       Tailslap          |       |     3 |       ||     3
       Punch             |       |       |     1 ||     1
       Spear             |       |       |     4 ||     4
Throw: Javelin           |       |     4 |    15 ||    19
       Stone             |       |       |     2 ||     2
       Boomerang         |       |       |     1 ||     1
 Cast: Freeze            |    50 |    46 |    30 ||   126
       Frozen Ramparts   |       |    12 |    22 ||    34
       Ozocubu's Armour  |       |     4 |    17 ||    21
       Animate Skeleton  |       |       |    10 ||    10
       Hailstorm         |       |       |     2 ||     2
  Use: Scroll            |       |    11 |     2 ||    13
       Potion            |       |       |     1 ||     1
 Stab: Sleeping          |     1 |     5 |     2 ||     8
       Paralysed         |       |     3 |     4 ||     7
Armor: Robe              |     6 |    15 |    25 ||    46
       Leather armour    |       |       |    30 ||    30
Dodge: Dodged            |    13 |    61 |    94 ||   168
